 Dungeon Crawl Stone Soup version 0.29.0-5-ge4962eb29e (webtiles) character file.

Game seed: 12769060175730685699

4 xian the Ducker (level 1, -1/15 HPs)
             Began as a Hill Orc Wanderer on Aug 29, 2022.
             Slain by a jackal (2 damage)
             ... on level 1 of the Dungeon.
             The game lasted 00:01:20 (232 turns).

xian the Ducker (Hill Orc Wanderer)                  Turns: 232, Time: 00:01:21

Health: -1/15      AC:  3    Str: 11    XL:     1   Next: 60%
Magic:  2/2        EV: 12    Int: 14    God:
Gold:   8          SH:  0    Dex: 11    Spells: 1/2 levels left

rFire   . . .      SeeInvis .   a - +0 club
rCold   . . .      Faith    .   (no shield)
rNeg    . . .      Spirit   .   e - +0 leather armour
rPois   .          Reflect  .   (no helmet)
rElec   .          Harm     .   (no cloak)
rCorr   .          Rampage  .   (no gloves)
Will    .....                   (no boots)
Stlth   +.........              (no amulet)
HPRegen 0.05/turn               (no ring)
MPRegen 0.08/turn               (no ring)

@: no status effects
A: no striking features
a: no special abilities


You were on level 1 of the Dungeon.
You visited 1 branch of the dungeon, and saw 1 of its levels.

You collected 8 gold pieces.

Inventory:

Hand Weapons
 a - a +0 club (weapon)
Missiles
 b - 4 throwing nets
 f - 5 poisoned darts (quivered)
Armour
 e - a +0 leather armour (worn)
Wands
 c - a wand of polymorph (3)
Potions
 d - a potion of lignification


   Skills:
 + Level 0.5 Fighting
 + Level 1.1 Armour
 + Level 4.2 Dodging
 + Level 1.0 Spellcasting
 + Level 1.0 Conjurations
 + Level 2.0 Evocations


You had one spell level left.
You knew the following spells:

 Your Spells              Type           Power      Damage    Failure   Level
a - Magic Dart            Conj           12%        1d3       22%         1

Your spell library contained the following spells:

 Spells                   Type           Power      Damage    Failure   Level
 Conjure Flame            Conj/Fire      2%         6-21      63%         3
 Airstrike                Air            0%         2d(0-16)  98%         4
 Summon Lightning Spire   Summ/Air       0%         N/A       98%         4
 Lightning Bolt           Conj/Air       1%         1d12      100%        5


Dungeon Overview and Level Annotations

Branches:
Dungeon (1/15)

Altars:


Message History

The jackal is lightly wounded.
The jackal bites you but does no damage.
The jackal misses you.
You hit the jackal.
The jackal is moderately wounded.
The jackal bites you but does no damage.
The jackal barely misses you.
You hit the jackal.
You kill the jackal!
You closely miss the jackal. The jackal barely misses you.
The jackal bites you but does no damage.
You miss the jackal. The jackal barely misses you.
The jackal closely misses you.
You hit the jackal but do no damage. The jackal bites you.
The jackal closely misses you.
You hit the jackal. You punch the jackal.
The jackal is moderately wounded.
The jackal closely misses you. The jackal barely misses you.
You hit the jackal but do no damage.
The jackal is lightly wounded.
The jackal barely misses you.
You completely miss the jackal.
The jackal is lightly wounded.
The jackal barely misses you. x2
You hit the jackal but do no damage.
The jackal is lightly wounded.
The jackal bites you. The jackal closely misses you.
You miss the jackal. The jackal bites you.
* * * LOW HITPOINT WARNING * * *
The jackal bites you.
* * * LOW HITPOINT WARNING * * *
You closely miss the jackal. The jackal closely misses you.
The jackal bites you.
* * * LOW HITPOINT WARNING * * *
You miss the jackal. The jackal closely misses you. x2
You barely miss the jackal. The jackal barely misses you.
You barely miss the jackal. The jackal barely misses you.
The jackal closely misses you.
You closely miss the jackal. The jackal bites you.
You die...

#############.#
#......@hhrr..#
#######.###########..
.. #...#...#
..++.>.###.#
......>....#
#...#.....#
##...#.....#
###+#...##.#
....#...##+#..


You could see 2 jackals and 2 rats.

Vanquished Creatures
  A bat (D:1)
  A giant cockroach (D:1)
  A jackal (D:1)
3 creatures vanquished.

Notes
Turn   | Place    | Note
-------+----------+-------------------------------------------
     0 | D:1      | xian the Hill Orc Wanderer began the quest for the Orb.
     0 | D:1      | xian set off with the following items: a +0 club, 4
                  | throwing nets, a wand of polymorph (3), a potion of
                  | lignification, a +0 leather armour; and the following spell
                  | memorised: Magic Dart; and the following spells available
                  | to memorise: Conjure Flame.
     0 | D:1      | Reached XP level 1. HP: 14/14 MP: 2/2
   232 | D:1      | Slain by a jackal

Illustrated notes

Levels and vault maps discovered:
D:1:      lemuel_arrival_muddy, layout_basic,
          hellmonk_ecumenical_altar_heavens_door

Action                   || total
-------------------------++-------
Melee: Club              ||    38
       Punch             ||     1
Throw: Dart              ||     1
       Throwing net      ||     1
Armor: Leather armour    ||    21
Dodge: Dodged            ||    52
